 Dungeon Crawl Stone Soup version 0.26.1-11-gd32895ea62 (webtiles) character file.

Game seed: 13256147079491826362

439 jlumianski the Caller (level 6, -15/24 HPs)
             Began as a Felid Summoner on May 26, 2021.
             Demolished by Menkaure (20 damage)
             ... on level 5 of the Dungeon.
             The game lasted 00:34:56 (7870 turns).

jlumianski the Caller (Felid Summoner)              Turns: 7870, Time: 00:34:56

Health: -15/24     AC:  2    Str:  4      XL:     6   Next: 70%
Magic:  4/13       EV: 18    Int: 19      God:
Gold:   180        SH:  0    Dex: 15 (16) Spells: 5/14 levels left
                                        Lives:  0   Deaths: 1

rFire    + . .     SeeInvis +     - Unarmed
rCold    . . .     Faith    .   (shield unavailable)
rNeg     . . .     Spirit   .   (armour unavailable)
rPois    .         Reflect  .   (helmet unavailable)
rElec    .         Harm     .   (cloak unavailable)
rCorr    .         Rampage  .   (gloves unavailable)
Will     .....                  (boots unavailable)
Stlth    +++.......             (no amulet)
HPRegen  0.08/turn              b - ring of protection from fire
MPRegen  0.13/turn              (no ring)

@: quick
A: very small, no armour, no weapons or thrown items, stealth, claws 1, fangs 3,
see invisible, speed 1, shaggy fur 2, sharp paws
a: no special abilities


You were on level 5 of the Dungeon.
You visited 1 branch of the dungeon, and saw 5 of its levels.
You also visited: Sewer.

You collected 180 gold pieces.

Inventory:

Jewellery
 b - a ring of protection from fire (left paw)
 f - an uncursed amulet of guardian spirit
Wands
 j - a wand of polymorph (2)
 l - a wand of paralysis (8)
Scrolls
 a - 3 scrolls of amnesia
 c - 2 scrolls of enchant armour
 d - 4 scrolls of remove curse
 h - a scroll of magic mapping {unknown}
 i - 2 scrolls of random uselessness {unknown}
 k - 5 scrolls of identify
 m - a scroll of fog {unknown}
 n - 2 scrolls of teleportation {unknown}
Potions
 e - a potion of lignification
 g - a potion of might {unknown}
 o - a potion of resistance {unknown}
 p - a potion of invisibility
 q - 3 potions of haste
 r - a potion of magic {unknown}
 s - a potion of attraction {unknown}
 t - a potion of curing


   Skills:
 + Level 0.1 Fighting
 + Level 2.9 Dodging
 + Level 4.8 Stealth
 + Level 1.0 Unarmed Combat
 + Level 4.6 Spellcasting
 + Level 6.1 Summonings


You had 5 spell levels left.
You knew the following spells:

 Your Spells              Type           Power        Failure   Level
a - Summon Small Mammal   Summ           100%         1%          1
b - Call Imp              Summ           27%          1%          2
c - Call Canine Familiar  Summ           27%          3%          3
d - Summon Guardian Gole  Hex/Summ       16%          11%         3

Your spell library contained the following spells:

 Spells                   Type           Power        Failure   Level
 Summon Ice Beast         Ice/Summ       16%          36%         4
 Summon Lightning Spire   Summ/Air       16%          36%         4


Dungeon Overview and Level Annotations

Branches:
Dungeon (5/15)              Sewer (visited)
 Temple: D:4-7

Altars:
Fedhas
Kikubaaqudgha

Annotations:
D:5 Dowan, Duvessa, Eustachio, Menkaure


Innate Abilities, Weirdness & Mutations

You cannot wear armour.
You are incapable of wielding weapons or throwing items.
Your paws allow you to move quietly. (Stealth)
You have sharp claws.
You have razor-sharp teeth.
You have supernaturally acute eyesight. (SInv)
You cover ground quickly.
You are covered in thick fur. (AC +2)
Your sharp claws are effective at attacking unaware monsters.


Message History

Your hound bites the adder zombie.
The adder zombie bites your hound.
Your hound bites the adder zombie.
The adder zombie is destroyed!
Casting: Summon Guardian Golem (quite dangerous; 11% risk of failure)
Confirm with . or Enter, or press ? or * to list all spells.
A beastly little devil appears in a puff of flame.
Menkaure gestures at you while chanting.
You resist with significant effort.
You scratch Menkaure but do no damage. Menkaure hits you.
* * * LOW HITPOINT WARNING * * *
Menkaure calls on the powers of darkness!
Your body is wracked with pain!
* * * LOW HITPOINT WARNING * * *
Your hound convulses!
Casting: Call Imp (safe; 1% risk of failure)
Confirm with . or Enter, or press ? or * to list all spells.
A beastly little devil appears in a puff of flame.
Your hound bites Menkaure.
Menkaure hits you!!
Ouch! That really hurt!
You die...

#### #.... #####
##(#..#########.......
...........>.. .......
#######....#.5...# .......
.....#......h.#.###.......
#...#..#..M@.............
#..#..)..58.............
#..#........#..(........
#.......)...#....#####+
#.#######...#(##.#
#.#≈≈≈≈≈#.###.##.#
#.'≈≈.≈≈#.###.##.#
#.#≈≈≈≈≈#........# #.
#..#######.###)########
#.#


You could see Menkaure (fast), a friendly guardian golem (summoned), a friendly
hound (summoned, sheltered) and 2 friendly crimson imps.

Vanquished Creatures
  A white imp (D:5)
  2 leopard geckos
  2 bats
  2 giant cockroaches
  A goblin (D:2)
  2 hobgoblins (D:3)
  2 jackals (D:3)
  2 quokkas
  A frilled lizard (D:2)
  3 kobolds (Sewer)
  2 rats
20 creatures vanquished.

Vanquished Creatures (collateral kills)
  Grinder (D:3)
  Purgy (Sewer)
  An ogre (D:5)
  A centaur (D:5)
  A lemure (D:5)
  4 worker ants (D:4)
  Natasha (thrice) (D:2)
  Terence (D:2)
  3 gnolls (D:3)
  8 adders
  An adder zombie (D:5)
  3 worms
  A dart slug (D:1)
  A leopard gecko (D:1)
  7 orcs
  3 ball pythons
  8 bats
  4 giant cockroaches
  6 goblins
  6 hobgoblins
  6 jackals
  A quokka (D:4)
  2 frilled lizards (D:2)
  5 kobolds
  4 rats
82 creatures vanquished.

Vanquished Creatures (others)
  A plant (D:4)
1 creature vanquished.

Grand Total: 103 creatures vanquished

Notes
Turn   | Place    | Note
-------+----------+-------------------------------------------
     0 | D:1      | jlumianski the Felid Summoner began the quest for the Orb.
     0 | D:1      | Reached XP level 1. HP: 7/7 MP: 4/4
   430 | D:1      | Reached XP level 2. HP: 5/11 MP: 0/6
  1006 | D:1      | Learned a level 2 spell: Call Imp
  1774 | D:2      | Found an ancient bone altar of Kikubaaqudgha.
  1774 | D:2      | Found a blossoming altar of Fedhas.
  1797 | D:2      | Noticed Natasha
  1817 | D:2      | Killed Natasha
  1818 | D:2      | Reached XP level 3. HP: 14/14 MP: 1/7
  1822 | D:2      | Learned a level 3 spell: Call Canine Familiar
  3088 | D:2      | Noticed Natasha
  3094 | D:2      | Killed Natasha
  3095 | D:2      | Reached XP level 4. HP: 18/18 MP: 1/9
  3165 | D:2      | Noticed Terence
  3177 | D:2      | Killed Terence
  3277 | D:2      | Noticed Natasha
  3312 | D:2      | Killed Natasha
  3585 | D:3      | Reached skill level 5 in Summonings
  4628 | D:3      | Reached XP level 5. HP: 21/21 MP: 7/11
  4709 | D:3      | Noticed Grinder
  4780 | D:3      | Paralysed by Grinder for 5 turns
  4791 | D:3      | Mangled by Grinder
  4792 | D:3      | Reached XP level 4. HP: -7/18 MP: 0/10
  4863 | D:3      | Killed Grinder
  4864 | D:3      | Reached XP level 5. HP: 21/21 MP: 4/12
  6147 | D:5      | Entered Level 5 of the Dungeon
  6147 | D:5      | Found a glowing drain.
  6165 | D:5      | Noticed an ogre
  6184 | Sewer    | Entered a sewer
  6264 | Sewer    | Noticed Purgy
  6281 | Sewer    | Killed Purgy
  6282 | Sewer    | Gained mutation: You are covered in thick fur. (AC +2)
                  | [Felid growth]
  6282 | Sewer    | Reached XP level 6. HP: 17/24 MP: 3/13
  6592 | D:5      | Reached skill level 1 in Unarmed Combat
  6692 | D:5      | Noticed Duvessa
  6701 | D:5      | Learned a level 3 spell: Summon Guardian Golem
  6713 | D:5      | Noticed Dowan
  6760 | D:5      | Noticed Menkaure
  7056 | D:5      | Noticed Eustachio
  7090 | D:5      | Reached skill level 6 in Summonings
  7870 | D:5      | Demolished by Menkaure

Illustrated notes

Levels and vault maps discovered:
D:1:      sevenhm_arrival_forest_fort_large_4, layout_loops_cross,
          hangedman_decor_push
D:2:      layout_loops_corners, grunt_temple_overflow_growth_and_decay,
          uniq_natasha, uniq_terence
D:3:      layout_loops_cross, uniq_grinder
D:4:      layout_basic, serial_forest, infiniplex_forest_clump_C,
          infiniplex_forest_lined_corner, infiniplex_forest_corner_1,
          infiniplex_forest_straight_4
D:5:      layout_basic, gup_sewer_entry_glass, uniq_eustachio, uniq_menkaure,
          uniq_pikel, uniq_duvessa

Skill      XL: |  1  2  3  4  5  6 |
---------------+-------------------+-----
Stealth        | 3 4 |  4.8
Spellcasting   | 4 |  4.6
Summonings     | 5 6 |  6.1
Unarmed Combat | 1 |  1.0
Fighting       | |  0.1
Dodging        | |  2.9

Action                   |  1- 3 |  4- 6 || total
-------------------------+-------+-------++-------
Melee: Unarmed           |    13 |    62 ||    75
       Bite              |     1 |     3 ||     4
 Cast: Summon Small Mamm |    55 |    30 ||    85
       Call Imp          |    16 |    50 ||    66
       Call Canine Famil |     9 |    32 ||    41
       Summon Guardian G |       |     7 ||     7
  Use: Scroll            |     3 |     1 ||     4
       Potion            |     1 |     3 ||     4
 Stab: Sleeping          |     2 |    17 ||    19
       Distracted        |       |     1 ||     1
Armor: Skin              |     3 |     4 ||     7
Dodge: Dodged            |    30 |    98 ||   128
